 Dungeon Crawl Stone Soup version bcrawl-1.21.3 (webtiles) character file.

Game seed: 12228168057466215276

110 Freyura the Distorting Demonspawn (level 4, 0/35 HPs)
             Began as a Demonspawn Abyssal Knight on Apr 8, 2020.
             Was a Believer of Lugonu.
             Succumbed to an orc priest's poison
             ... on level 3 of the Dungeon.
             The game lasted 00:04:51 (2256 turns).

Freyura the Distorting Demonspawn (DsAK)            Turns: 2256, Time: 00:04:52

Health: 0/35       AC:  6    Str: 12    XL:     4   Next: 61%
Magic:  6/6        EV: 11    Int: 14    God:    Lugonu [**....]
Gold:   104        SH:  0    Dex: 13    Spells: 3/3 levels left

rFire    . . .     SeeInvis .   a - +1 mace
rCold    . . .     Gourm    .   (no shield)
rNeg     . . .     Faith    .   m - +0 ring mail
rPois    .         Spirit   .   (no helmet)
rElec    .         Reflect  .   (no cloak)
rCorr    .         Harm     .   k - +0 pair of gloves
MR       .....                  (no boots)
Stlth    +.........             (no amulet)
HPRegen  0.11/turn              (no ring)
MPRegen  0.10/turn              (no ring)

@: lethally poisoned (0 -> -17)
A: talons 1, rot immunity
a: Depart the Abyss, Bend Space, Banish, Renounce Religion


You were on level 3 of the Dungeon.
You worshipped Lugonu.
Lugonu was pleased with you.
You were not hungry.

You visited 1 branch of the dungeon, and saw 3 of its levels.
You visited the Abyss 1 time.

You collected 104 gold pieces.

Inventory:

Hand Weapons
 a - a +1 mace (weapon)
Missiles
 c - 10 tomahawks of dispersal (quivered)
 d - 788 stones
Armour
 b - a +0 leather armour
 k - a +0 pair of gloves (worn)
 m - a +0 ring mail (worn)
Scrolls
 g - 3 scrolls of fog {unknown}
 h - 5 scrolls of identify {unknown}
 i - a scroll of teleportation {unknown}
 l - 2 scrolls of enchant weapon {unknown}
 n - a scroll of remove curse {unknown}
 r - a scroll of noise {unknown}
 s - 3 scrolls of amnesia {unknown}
Potions
 f - 2 potions of heal wounds {unknown}
 j - a potion of curing {unknown}
 o - a potion of lignification {unknown}
 q - a potion of mutation {unknown}
Comestibles
 e - 5 rations {!d}


   Skills:
 + Level 3.5 Fighting
 * Level 2.9 Maces & Flails
 - Level 0.8 Throwing
 + Level 2.3 Armour
 + Level 1.7 Dodging
 + Level 3.6 Invocations


You had 3 spell levels left.
You didn't know any spells.
Your spell library was empty.

Dungeon Overview and Level Annotations

Branches:
Dungeon (3/12)

Altars:
Fedhas
Hepliaklqana
Okawaru
Qazlal
Ru
Zin


Innate Abilities, Weirdness & Mutations

You have sharp toenails.
You are immune to rotting.


Message History

You feel sick. The orc hits you but does no damage. The orc barely misses you.
The orc misses you. The rat bites you but does no damage.
The orc priest hits you with a +2 flail of venom.
You are lethally poisoned!
The orc hits you but does no damage. The orc hits you with a +0 hand axe.
The orc closely misses you. The rat bites you.
The orc hits you but does no damage.
You hit the orc priest but do no damage.
The orc priest is lightly wounded.
* * * LOW HITPOINT WARNING * * *
You feel sick.
The orc priest invokes the aid of Beogh against you.
Pain shoots through your body!
* * * LOW HITPOINT WARNING * * *
The orc misses you. The rat barely misses you. The orc barely misses you.
The orc completely misses you.
Your ring mail prevents you from hitting the orc priest.
You claw the orc priest.
The orc priest is moderately wounded.
You die...

###..........
#............
.............
#....(...!..!.
+.............
#...o........# .
#..o.o.......#
...#..o@o..!....#
......r.........#
................#
...............#
.......!..$....#
........<.รท(...#
...............#
####...........#
#............#


You could see an orc priest, 4 orcs and a rat.

Vanquished Creatures
  Jessica (D:2)
  An adder (D:2)
  An ooze (D:2)
  2 worms (D:2)
  2 dart slugs
  3 leopard geckos
  3 giant cockroaches
  5 goblins
  7 hobgoblins
  7 jackals
  A quokka (D:2)
  6 bats
  5 frilled lizards
  10 kobolds
  2 rats
  A plant (D:1)
57 creatures vanquished.

Notes
Turn   | Place    | Note
-------+----------+-------------------------------------------
     0 | Abyss:1  | Freyura the Demonspawn Abyssal Knight began the quest for
                  | the Orb.
     0 | Abyss:1  | Reached XP level 1. HP: 18/18 MP: 2/2
     7 | D:1      | Escaped the Abyss
    81 | D:1      | Reached skill level 1 in Dodging
   193 | D:1      | Gained mutation: You are immune to rotting. [demonic
                  | ancestry]
   193 | D:1      | Reached XP level 2. HP: 20/24 MP: 4/4
   822 | D:1      | Reached XP level 3. HP: 22/29 MP: 5/5
   824 | D:1      | Reached ** piety under Lugonu
  1800 | D:2      | Gained mutation: You have sharp toenails. [demonic
                  | ancestry]
  1800 | D:2      | Reached XP level 4. HP: 30/35 MP: 6/6
  1895 | D:2      | Found a glowing silver altar of Zin.
  1963 | D:2      | Found a sacrificial altar of Ru.
  1963 | D:2      | Found a blossoming altar of Fedhas.
  1968 | D:2      | Noticed Jessica
  1975 | D:2      | Killed Jessica
  2069 | D:2      | Found a stormy altar of Qazlal.
  2069 | D:2      | Found a faded altar of an unknown god.
  2076 | D:2      | Found an iron altar of Okawaru.
  2078 | D:2      | Found a faded altar of an unknown god.
  2080 | D:2      | Found a hazy altar of Hepliaklqana.
  2256 | D:3      | Succumbed to an orc priest's poison

Skill      XL: |  1  2 |
---------------+-------+-----
Dodging        | 1 |  1.7
Maces & Flails | 2 |  2.9
Armour         | 2 |  2.3
Invocations    | 3 |  3.6
Fighting       | |  3.5
Throwing       | |  0.8

Action                   |  1- 3 |  4- 6 || total
-------------------------+-------+-------++-------
Melee: Mace              |   178 |    37 ||   215
       Kick              |       |     7 ||     7
  Eat: Chunk             |     3 |     2 ||     5
Armor: Leather armour    |    17 |       ||    17
       Ring mail         |    32 |    31 ||    63
Dodge: Dodged            |    88 |    50 ||   138
